PL
RICHARDSON CITY THUNDERCATS @ OAKLAND OAKS
09/02/2027
 
TOP OF THE 1ST
Richardson City Thundercats batting - Pitching for Oakland Oaks : RHP Matt Webber
Pitching: RHP Matt Webber
Batting: RHB Juan Cabrera 0-0: Called Strike
0-1: Ball
1-1: Ball
2-1: Foul Ball, location: 2F
2-2: Ball
3-2: Ground out 5-3 (Groundball, 56)
Batting: LHB Eduardo Álvarez 0-0: Ball
1-0: Called Strike
1-1: Ball
2-1: Foul Ball, location: 2F
2-2: SINGLE (Groundball, 4M) (infield hit)
Batting: LHB Terrence Eler 0-0: Called Strike
0-1: Ball
1-1: Called Strike
1-2: SINGLE (Flyball, 89S)
Eduardo Álvarez to second
Runner from 2nd tries for 3rd, SAFE, no throw
Batting: RHB Tomás Martínez 0-0: Foul Ball, location: 2F
0-1: Ball
1-1: Grounds into double play, 5-4-3 (Groundball, 5)
Top of the 1st over - 0 run(s), 2 hit(s), 0 error(s), 1 left on base; Richardson City 0 - Oakland 0
BOTTOM OF THE 1ST
Oakland Oaks batting - Pitching for Richardson City Thundercats : LHP Jesús Gonzáles
Pitching: LHP Jesús Gonzáles
Batting: RHB Micah Coffey 0-0: Fly out, F5 (Line Drive, 5L)
Batting: LHB Jorge Vargas 0-0: Called Strike
0-1: Foul Ball, location: 2F
0-2: Foul Ball, location: 2F
0-2: Ball
1-2: Foul Ball, location: 2F
1-2: Ground out 4-3 (Groundball, 4)
Batting: SHB Luis Luquín 0-0: Foul Ball, location: 2F
0-1: DOUBLE (Line Drive, 8RD)
Batting: LHB Todd Henry 0-0: Ball
1-0: Fly out, F8 (Flyball, 89D)
Bottom of the 1st over - 0 run(s), 1 hit(s), 0 error(s), 1 left on base; Richardson City 0 - Oakland 0
TOP OF THE 2ND
Richardson City Thundercats batting - Pitching for Oakland Oaks : RHP Matt Webber
Batting: SHB Mitch Qualtrough 0-0: Ball
1-0: Fly out, F8 (Flyball, 8RM)
Batting: LHB Carroll Martin 0-0: Bunted foul
0-1: Ball
1-1: Ball
2-1: Ball
3-1: Base on Balls
Batting: RHB Javier Rivera 0-0: Called Strike
0-1: Ball
1-1: Ball
2-1: Foul Ball, location: 2F
2-2: Ball
3-2: Strikes out looking
Batting: LHB Fernando Ramírez 0-0: Foul Ball, location: 2F
0-1: Ball
1-1: Ball
2-1: Fielders Choice at 2nd, 4-6 (Groundball, 34)
Top of the 2nd over - 0 run(s), 0 hit(s), 0 error(s), 0 left on base; Richardson City 0 - Oakland 0
BOTTOM OF THE 2ND
Oakland Oaks batting - Pitching for Richardson City Thundercats : LHP Jesús Gonzáles
Batting: RHB Lenny Roper 0-0: Foul Ball, location: 2F
0-1: Ball
1-1: Fly out, F9 (Flyball, 9D)
Batting: RHB Manuel Rodríguez 0-0: Called Strike
0-1: Called Strike
0-2: Ball
1-2: Strikes out swinging
Batting: RHB Joe Phillips 0-0: Ball
1-0: Ball
2-0: Called Strike
2-1: Called Strike
2-2: Fly out, F9 (Line Drive, 9S)
Bottom of the 2nd over - 0 run(s), 0 hit(s), 0 error(s), 0 left on base; Richardson City 0 - Oakland 0
TOP OF THE 3RD
Richardson City Thundercats batting - Pitching for Oakland Oaks : RHP Matt Webber
Batting: RHB Chriss Mann 0-0: Ball
1-0: Ball
2-0: Called Strike
2-1: Foul Ball, location: 2F
2-2: Ball
3-2: Ground out 6-3 (Groundball, 6)
Batting: RHB Juan Cabrera 0-0: Ball
1-0: Swinging Strike
1-1: Swinging Strike
1-2: Strikes out swinging
Batting: LHB Eduardo Álvarez 0-0: Ball
1-0: Ball
2-0: Called Strike
2-1: Ball
3-1: Foul Ball, location: 2F
3-2: Base on Balls
Batting: LHB Terrence Eler 0-0: Ground out 3-1 (Groundball, 34S)
Top of the 3rd over - 0 run(s), 0 hit(s), 0 error(s), 1 left on base; Richardson City 0 - Oakland 0
BOTTOM OF THE 3RD
Oakland Oaks batting - Pitching for Richardson City Thundercats : LHP Jesús Gonzáles
Batting: LHB Todd Williams 0-0: Ball
1-0: Ball
2-0: Ball
3-0: Called Strike
3-1: Called Strike
3-2: Base on Balls
Batting: SHB Orlando Villa Pickoff Throw to First - Error! E1
Todd Williams to second
0-0: Fly out, F8 (Line Drive, 8LM)
Batting: RHB Micah Coffey 0-0: Ball
1-0: Ball
2-0: Swinging Strike
2-1: Ground out 6-3 (Groundball, 56)
Batting: LHB Jorge Vargas 0-0: Ball
1-0: Called Strike
1-1: SINGLE (Groundball, 34D)
Todd Williams to third
Runner from 3rd tries for Home, SAFE, no throw
Batting: SHB Luis Luquín 0-0: Called Strike
0-1: Ball
Pickoff Throw to First - Out!
Bottom of the 3rd over - 1 run(s), 1 hit(s), 1 error(s), 0 left on base; Richardson City 0 - Oakland 1
TOP OF THE 4TH
Richardson City Thundercats batting - Pitching for Oakland Oaks : RHP Matt Webber
Batting: RHB Tomás Martínez 0-0: Ball
1-0: Reached on error, E5 (Groundball, 56S)
Batting: SHB Mitch Qualtrough 0-0: Fly out, F9 (Line Drive, 9LM)
Batting: LHB Carroll Martin 0-0: Ball
1-0: Ball
2-0: Foul Ball, location: 2F
2-1: Foul Ball, location: 2F
2-2: SINGLE (Line Drive, 8RS)
Tomás Martínez to third
Runner from 3rd tries for Home, SAFE, throw made home
Batting: RHB Javier Rivera 0-0: Foul Ball, location: 2F
0-1: Ball
1-1: Ball
2-1: Foul Ball, location: 2F
2-2: Reached on error, E5 (Groundball, 56)
Carroll Martin to second
Batting: LHB Fernando Ramírez 0-0: Fielders Choice at 2nd, 3-6 (Groundball, 34)
Carroll Martin to third
Batting: RHB Chriss Mann 0-0: Ball
1-0: Ball
2-0: Ball
3-0: Called Strike
3-1: Called Strike
3-2: Base on Balls
Fernando Ramírez to second
Batting: RHB Juan Cabrera 0-0: Foul Ball, location: 2F
0-1: Ball
1-1: Called Strike
1-2: Ball
2-2: Foul Ball, location: 2F
2-2: Ball
3-2: Strikes out looking
Top of the 4th over - 1 run(s), 1 hit(s), 2 error(s), 3 left on base; Richardson City 1 - Oakland 1
BOTTOM OF THE 4TH
Oakland Oaks batting - Pitching for Richardson City Thundercats : LHP Jesús Gonzáles
Batting: SHB Luis Luquín 0-0: Ball
1-0: Foul Ball, location: 2F
1-1: DOUBLE (Line Drive, 7LM)
Batting: LHB Todd Henry 0-0: Ball
1-0: Ball
2-0: Ball
3-0: Called Strike
3-1: Foul Ball, location: 2F
3-2: Foul Ball, location: 2F
3-2: Foul Ball, location: 2F
3-2: Ground out 4-3 (Groundball, 34)
Luis Luquín to third
Batting: RHB Lenny Roper 0-0: Ball
1-0: Ball
Wild Pitch!
Luis Luquín scores
2-0: Foul Ball, location: 2F
2-1: Called Strike
2-2: Fly out, F8 (Flyball, 8RD)
Batting: RHB Manuel Rodríguez 0-0: Fly out, F3 (Line Drive, 3S)
Bottom of the 4th over - 1 run(s), 1 hit(s), 0 error(s), 0 left on base; Richardson City 1 - Oakland 2
TOP OF THE 5TH
Richardson City Thundercats batting - Pitching for Oakland Oaks : RHP Matt Webber
Batting: LHB Eduardo Álvarez 0-0: Ball
1-0: Called Strike
1-1: SINGLE (Line Drive, 34D)
Batting: LHB Terrence Eler 0-0: Ball
1-0: Ball
2-0: Ball
Balk!
Eduardo Álvarez to second
3-0: Called Strike
3-1: Ground out 6-3 (Groundball, 6)
Batting: RHB Tomás Martínez 0-0: Foul Ball, location: 2F
0-1: Foul Ball, location: 2F
0-2: Ball
1-2: Strikes out swinging
Batting: SHB Mitch Qualtrough 0-0: Ball
1-0: Ball
2-0: Foul Ball, location: 2F
2-1: Ground out 5-3 (Groundball, 56)
Top of the 5th over - 0 run(s), 1 hit(s), 0 error(s), 1 left on base; Richardson City 1 - Oakland 2
BOTTOM OF THE 5TH
Oakland Oaks batting - Pitching for Richardson City Thundercats : LHP Jesús Gonzáles
Batting: RHB Joe Phillips 0-0: Called Strike
0-1: Ball
1-1: Called Strike
1-2: Foul Ball, location: 2F
1-2: Strikes out swinging
Batting: LHB Todd Williams 0-0: Ball
1-0: Foul Ball, location: 2F
1-1: Fly out, F9 (Flyball, 9LM)
Batting: SHB Orlando Villa 0-0: Ball
1-0: Foul Ball, location: 2F
1-1: Ball
2-1: Ball
3-1: Foul Ball, location: 2F
3-2: Ground out 4-3 (Groundball, 4)
Bottom of the 5th over - 0 run(s), 0 hit(s), 0 error(s), 0 left on base; Richardson City 1 - Oakland 2
TOP OF THE 6TH
Richardson City Thundercats batting - Pitching for Oakland Oaks : RHP Matt Webber
Pitching: RHP Júlio Maes
Batting: LHB Carroll Martin 0-0: Swinging Strike
0-1: Fly out, F4 (Line Drive, 34)
Batting: RHB Javier Rivera 0-0: Ball
1-0: Foul Ball, location: 2F
1-1: Called Strike
1-2: Ball
2-2: Ball
3-2: SOLO HOME RUN (Flyball, 9D), Distance : 375 ft
Batting: LHB Fernando Ramírez 0-0: Ball
1-0: Ball
2-0: Swinging Strike
2-1: Foul Ball, location: 2F
2-2: Foul Ball, location: 2F
2-2: Ground out 3-1 (Groundball, 34)
Batting: RHB Chriss Mann 0-0: Foul Ball, location: 2F
0-1: Ball
1-1: Foul Ball, location: 2F
1-2: Ball
2-2: SINGLE (Line Drive, 8RS)
Batting: RHB Juan Cabrera 0-0: Fly out, F9 (Flyball, 9LSF)
Top of the 6th over - 1 run(s), 2 hit(s), 0 error(s), 1 left on base; Richardson City 2 - Oakland 2
BOTTOM OF THE 6TH
Oakland Oaks batting - Pitching for Richardson City Thundercats : LHP Jesús Gonzáles
Batting: RHB Micah Coffey 0-0: Ball
1-0: Ground out 6-3 (Groundball, 6)
Batting: LHB Jorge Vargas 0-0: Foul Ball, location: 2F
0-1: Ball
1-1: DOUBLE (Flyball, 8LXD)
Batting: SHB Luis Luquín 0-0: Ball
1-0: Foul Ball, location: 2F
1-1: Swinging Strike
1-2: Ball
2-2: Strikes out looking
Batting: LHB Todd Henry 0-0: Swinging Strike
0-1: Ball
1-1: Called Strike
1-2: Strikes out swinging
Bottom of the 6th over - 0 run(s), 1 hit(s), 0 error(s), 1 left on base; Richardson City 2 - Oakland 2
TOP OF THE 7TH
Richardson City Thundercats batting - Pitching for Oakland Oaks : RHP Júlio Maes
Pitching: RHP Seb Alport
Batting: LHB Eduardo Álvarez 0-0: Called Strike
0-1: Ball
1-1: Ball
2-1: Called Strike
2-2: Strikes out looking
Batting: LHB Terrence Eler 0-0: Called Strike
0-1: Ball
1-1: Called Strike
1-2: Ball
2-2: Foul Ball, location: 2F
2-2: Strikes out looking
Batting: RHB Tomás Martínez 0-0: Ball
1-0: Called Strike
1-1: Ground out 6-3 (Groundball, 6)
Top of the 7th over - 0 run(s), 0 hit(s), 0 error(s), 0 left on base; Richardson City 2 - Oakland 2
BOTTOM OF THE 7TH
Oakland Oaks batting - Pitching for Richardson City Thundercats : LHP Jesús Gonzáles
Batting: RHB Lenny Roper 0-0: Ball
1-0: Ground out 5-3 (Groundball, 56S)
Batting: RHB Manuel Rodríguez 0-0: SINGLE (Groundball, 6MD)
Batting: RHB Joe Phillips 0-0: Called Strike
0-1: Called Strike
0-2: Foul Ball, location: 2F
0-2: Ball
1-2: Ball
2-2: Foul Ball, location: 2F
2-2: Ball
Manuel Rodríguez steals 2nd base
3-2: Intentional Walk
Pitching: LHP Armando Gonzáles
Batting: LHB Todd Williams 0-0: Ball
1-0: Ball
2-0: Foul Ball, location: 2F
2-1: Ball
3-1: Fly out, F9 (Line Drive, 9)
Batting: SHB Orlando Villa 0-0: Fly out, F9 (Flyball, 9S)
Bottom of the 7th over - 0 run(s), 1 hit(s), 0 error(s), 2 left on base; Richardson City 2 - Oakland 2
TOP OF THE 8TH
Richardson City Thundercats batting - Pitching for Oakland Oaks : RHP Seb Alport
Batting: SHB Mitch Qualtrough 0-0: Ground out 6-3 (Groundball, 6)
Batting: LHB Carroll Martin 0-0: Ball
1-0: Called Strike
1-1: Ball
2-1: SINGLE (Flyball, 7LS)
Batting: RHB Javier Rivera 0-0: Ball
1-0: Ball
Carroll Martin steals 2nd base
2-0: Ball
3-0: Base on Balls
Pitching: RHP Júlio Saldaña
Batting: LHB Fernando Ramírez 0-0: Called Strike
0-1: 3-RUN HOME RUN (Line Drive, 9LD), Distance : 365 ft
Batting: RHB Chriss Mann 0-0: Ball
1-0: Ball
2-0: Called Strike
2-1: Called Strike
2-2: Ball
3-2: Base on Balls
Batting: RHB Juan Cabrera 0-0: Called Strike
0-1: Ball
1-1: Ball
2-1: Foul Ball, location: 2F
2-2: Strikes out looking
Batting: LHB Eduardo Álvarez 0-0: Ball
1-0: Ball
Chriss Mann steals 2nd base
2-0: Called Strike
2-1: Swinging Strike
2-2: Ball
3-2: Ground out 5-3 (Groundball, 56S)
Top of the 8th over - 3 run(s), 2 hit(s), 0 error(s), 1 left on base; Richardson City 5 - Oakland 2
BOTTOM OF THE 8TH
Oakland Oaks batting - Pitching for Richardson City Thundercats : LHP Armando Gonzáles
Batting: RHB Micah Coffey 0-0: Ball
1-0: Ball
2-0: Ball
3-0: Base on Balls
Batting: LHB Jorge Vargas 0-0: Ball
1-0: SINGLE (Line Drive, 56)
Micah Coffey to second
Batting: SHB Luis Luquín 0-0: Called Strike
0-1: Ground out 5-3 (Groundball, 56S)
Micah Coffey to third
Jorge Vargas to second
Batting: LHB Todd Henry 0-0: Foul Ball, location: 2F
0-1: Ground out 4-3 (Groundball, 4)
Pitching: RHP Eduardo Molina
Batting: RHB Lenny Roper 0-0: Swinging Strike
0-1: Ball
1-1: Ball
2-1: Foul Ball, location: 2F
2-2: Strikes out swinging
Bottom of the 8th over - 0 run(s), 1 hit(s), 0 error(s), 2 left on base; Richardson City 5 - Oakland 2
TOP OF THE 9TH
Richardson City Thundercats batting - Pitching for Oakland Oaks : RHP Júlio Saldaña
Batting: LHB Terrence Eler 0-0: Ball
1-0: Foul Ball, location: 2F
1-1: Swinging Strike
1-2: Fly out, F7 (Flyball, 78M)
Pitching: RHP Gil Brown
Batting: RHB Tomás Martínez 0-0: Foul Ball, location: 2F
0-1: Foul Ball, location: 2F
0-2: Strikes out looking
Batting: SHB Mitch Qualtrough 0-0: Ground out 3-1 (Groundball, 34)
Top of the 9th over - 0 run(s), 0 hit(s), 0 error(s), 0 left on base; Richardson City 5 - Oakland 2
BOTTOM OF THE 9TH
Oakland Oaks batting - Pitching for Richardson City Thundercats : RHP Eduardo Molina
Pitching: LHP Manuel Franco
Batting: RHB Manuel Rodríguez 0-0: Called Strike
0-1: Ball
1-1: Ground out 6-3 (Groundball, 6)
Batting: RHB Joe Phillips 0-0: Ball
1-0: Called Strike
1-1: SINGLE (Groundball, 23) (infield hit)
Batting: LHB Todd Williams 0-0: Called Strike
0-1: Called Strike
0-2: Fly out, F9 (Flyball, 9)
Batting: SHB Orlando Villa 0-0: Called Strike
0-1: Foul Ball, location: 2F
0-2: Foul Ball, location: 2F
0-2: Ball
1-2: Fly out, F6 (Popup, 5D)
Bottom of the 9th over - 0 run(s), 1 hit(s), 0 error(s), 1 left on base; Richardson City 5 - Oakland 2
Saturday, May 26th, 2018 - OOTP Baseball 17.12 Build 75